 Dungeon Crawl Stone Soup version 0.31-a0-542-gdc2a67831c (webtiles) character file.

Game seed: 4259514567338709192

11440 risv the Blocker (level 11, -17/103 HPs)
             Began as a Minotaur Fighter on Aug 14, 2023.
             Was a High Priest of Okawaru.
             Demolished by Urug
             ... wielding a +4 long sword of holy wrath
              (24 damage)
             ... on level 11 of the Dungeon.
             The game lasted 01:30:57 (13079 turns).

risv the Blocker (Minotaur Fighter)                Turns: 13079, Time: 01:30:59

Health: -17/103    AC: 19    Str: 25    XL:     11   Next: 49%
Magic:  10/10      EV:  7    Int:  5    God:    Okawaru [*****.]
Gold:   772        SH:  7    Dex: 16    Spells: 10/10 levels left

rFire   + . .        k - +8 trident of the Octopus King {venom, rElec rPois}
rCold   + . .        c - +0 buckler
rNeg    . . .        b - +1 plate armour
rPois   +            (helmet restricted)
rElec   +            Q - scarf {rC+ rF+}
rCorr   .            i - +0 pair of gloves
SInv    +            x - +0 pair of boots
Will    .....        (no amulet) Stlth
                     r - +6 ring of dexterity
HPRegen 0.37/turn    R - ring of see invisible
MPRegen 0.12/turn

%: no passive effects
@: no status effects
A: horns 2, retaliatory headbutt
a: Renounce Religion, Heroism, Finesse, Duel


You were on level 11 of the Dungeon.
You worshipped Okawaru.
Okawaru was extremely pleased with you.
You visited 2 branches of the dungeon, and saw 12 of its levels.

You collected 772 gold pieces.

Inventory:

Hand Weapons
 a - a +3 battleaxe
 k - the +8 trident of the Octopus King (weapon) {venom, rElec rPois}
   (You found it on level 2 of the Dungeon)

   rElec:     It insulates you from electricity.
   rPois:     It protects you from poison
 o - a +2 sling of draining
 s - a +4 dagger
 A - a +0 scythe
 G - a +2 morningstar of freezing
 J - a +3 hand axe
 U - a +4 scimitar of flaming
Missiles
 p - 27 poisoned darts
 t - 7 boomerangs (quivered)
 C - 2 throwing nets
Armour
 b - a +1 plate armour (worn)
 c - a +0 buckler (worn)
 i - a +0 pair of gloves (worn)
 x - a +0 pair of boots (worn)
 Q - a scarf of resistance (worn)
 T - the +2 ring mail "Epohixit" {rElec MP+9}
   (You found it on level 10 of the Dungeon)

   rElec:     It insulates you from electricity.
   MP+9:      It affects your magic capacity (+9).
Magical Staves
 V - a staff of conjuration
 W - a staff of earth
Jewellery
 r - a +6 ring of dexterity (left hand)
 D - a ring of fire
 H - a ring of resist corrosion
 R - a ring of see invisible (right hand)
 X - a ring of wizardry
Talismans
 v - a maw talisman
 S - a serpent talisman
Wands
 w - a wand of flame (45)
 L - a wand of paralysis (12)
Scrolls
 h - 3 scrolls of teleportation
 j - a scroll of immolation
 m - 3 scrolls of enchant weapon
 n - 2 scrolls of enchant armour
 y - a scroll of silence {unknown}
 E - 3 scrolls of identify
 F - 2 scrolls of noise {unknown}
 I - a scroll of fog {unknown}
 M - a scroll of vulnerability
 N - 2 scrolls of revelation {unknown}
Potions
 d - 3 potions of might
 e - 5 potions of lignification {unknown}
 f - 4 potions of berserk rage {unknown}
 g - 2 potions of attraction {unknown}
 l - 2 potions of brilliance {unknown}
 q - 2 potions of cancellation {unknown}
 u - 10 potions of curing
 z - 2 potions of heal wounds {unknown}
 B - a potion of haste {unknown}
 O - a potion of resistance {unknown}
 P - 2 potions of degeneration {unknown}
Miscellaneous
 K - a lightning rod (4/4)


   Skills:
 + Level 11.6 Fighting
 + Level 11.2 Axes
 + Level 11.6 Armour
 + Level 11.6 Shields


You had 10 spell levels left.
You didn't know any spells.
Your spell library contained the following spells:

 Spells                   Type           Power      Damage    Failure   Level
 Ensorcelled Hibernation  Hex/Ice        0%         N/A       100%        2
 Passwall                 Tmut/Erth      0%         N/A       100%        2
 Poisonous Vapours        Pois/Air       0%         N/A       100%        2
 Mephitic Cloud           Conj/Pois/Air  0%         N/A       100%        3
 Portal Projectile        Hex/Tloc       0%         N/A       100%        3
 Swiftness                Air            0%         N/A       100%        3
 Leda's Liquefaction      Hex/Erth       0%         N/A       100%        4
 Freezing Cloud           Conj/Ice/Air   0%         6-21      100%        5
 Call Canine Familiar     Summ           Unusable   N/A       N/A         3
 Animate Dead             Necr           Unusable   N/A       N/A         4
 Haunt                    Necr/Summ      Unusable   N/A       N/A         7
 Infestation              Necr           Unusable   N/A       N/A         8

Dungeon Overview and Level Annotations

Branches:
Dungeon (11/15)            Temple (1/1) D:5            Lair (0/5) D:11
    Orc: D:9-12

Altars:
Ashenzari
Cheibriados
Dithmenos
Elyvilon
Fedhas
Gozag
Hepliaklqana
Kikubaaqudgha
Makhleb
Nemelex Xobeh
Okawaru
Qazlal
Ru
Sif Muna
Trog
Uskayaw
Vehumet
Wu Jian
Xom
Yredelemnul
Zin
The Shining One
Lugonu

Shops:
D:8 :(![

Annotations:
D:11 Urug


Innate Abilities, Weirdness & Mutations

You have a pair of horns on your head.
You reflexively headbutt those who attack you in melee.


Message History

You barely miss the vampire mosquito.
Your headbutt misses the vampire mosquito.
The vampire mosquito is moderately damaged.
The vampire mosquito closely misses you.
Urug hits you with a +4 long sword of holy wrath!!
You block the vampire mosquito's attack.
You completely miss the vampire mosquito.
The vampire mosquito is moderately damaged.
The vampire mosquito barely misses you.
Urug hits you with a +4 long sword of holy wrath!
The vampire mosquito completely misses you.
You furiously retaliate!
You headbutt the vampire mosquito! You closely miss the vampire mosquito.
The vampire mosquito is severely damaged.
You block the vampire mosquito's attack.
The vampire mosquito barely misses you.
Urug hits you with a +4 long sword of holy wrath!
* * * LOW HITPOINT WARNING * * *
The vampire mosquito bites you but does no damage.
You barely miss the vampire mosquito.
The vampire mosquito is severely damaged.
The vampire mosquito bites you but does no damage.
Urug screams, "Die, harpy!"
Urug hits you but does no damage.
You block the vampire mosquito's attack.
The vampire mosquito bites you but does no damage.
Urug hits you with a +4 long sword of holy wrath!!
* * * LOW HITPOINT WARNING * * *
You block the vampire mosquito's attack.
You hit Urug but do no damage.
Urug is poisoned.
Your headbutt misses Urug.
The vampire mosquito closely misses you.
You block Urug's attack.
You puncture Urug!
Urug looks as sick as possible!
Urug is lightly wounded.
You block the vampire mosquito's attack.
The vampire mosquito bites you.
* * * LOW HITPOINT WARNING * * *
The vampire mosquito draws strength from your injuries!
Urug hits you with a +4 long sword of holy wrath!!
You die...

....##....... . .##
##....... #. #........
.#### #........ ....
#........ #..######
#........ #.#....###
#####.### #....y...##
###.....# #..#.o@...##
##........
##..##.....###.........
#..######......P......
##.## ###.......>...
#†.# ##....[..... ##†#
##......... #.#
##........ .#.
###.....# . .# #.....##


You could see Urug (extremely poisoned) and a vampire mosquito.

Vanquished Creatures
  2 hydras (D:10)
  An ogre mage (D:10)
  A two-headed ogre (D:8)
  A tengu warrior (D:10)
  Pikel (D:8)
  A cyclops (D:11)
  A gargoyle (D:10)
  An unseen horror (D:10)
  An efreet (D:10)
  A troll (D:10)
  2 hornets (D:10)
  A slime creature (D:10)
  Sigmund (D:4)
  A shadow (D:9)
  2 wyverns
  13 yaks
  A steam dragon (D:8)
  3 vampire mosquitoes (D:11)
  A basilisk (D:11)
  A water moccasin (D:4)
  3 ice beasts
  3 orc warriors
  4 black bears
  An ogre (D:6)
  A centaur (D:10)
  A lemure (D:8)
  2 kobold brigands
  3 bullfrogs
  A gnoll sergeant (D:10)
  2 scorpions (D:6)
  3 wights (D:7)
  5 killer bees (D:9)
  7 howler monkeys
  3 hounds (D:5)
  2 orc priests (D:8)
  2 jellies
  A gnoll bouda (D:9)
  2 sleepcaps
  Jessica (D:3)
  3 orc wizards
  18 gnolls
  4 adders
  3 white imps
  An ufetubus (D:5)
  A worm (D:3)
  4 dart slugs
  18 orcs
  4 endoplasms
  3 giant cockroaches
  11 goblins
  3 hobgoblins
  13 kobolds
  7 ball pythons
  4 bats
  6 frilled lizards
  5 rats
192 creatures vanquished.

Notes
Turn   | Place    | Note
-------+----------+-------------------------------------------
     0 | D:1      | risv the Minotaur Fighter began the quest for the Orb.
     0 | D:1      | Reached XP level 1. HP: 19/19 MP: 0/0
   272 | D:1      | Reached XP level 2. HP: 27/27 MP: 1/1
   616 | D:1      | Reached XP level 3. HP: 32/33 MP: 2/2
  1121 | D:2      | Found the +8 trident of the Octopus King {venom, rElec
                  | rPois}
  1189 | D:2      | Reached XP level 4. HP: 7/40 MP: 3/3
  1610 | D:2      | Found a faded altar of an unknown god.
  2643 | D:3      | Noticed Jessica
  2646 | D:3      | Killed Jessica
  2647 | D:3      | Reached XP level 5. HP: 45/47 MP: 4/4
  2893 | D:4      | Found a hazy altar of Hepliaklqana.
  3062 | D:4      | Noticed a water moccasin
  3074 | D:4      | Killed a water moccasin
  3075 | D:4      | Reached skill level 5 in Fighting
  3075 | D:4      | Reached skill level 5 in Armour
  3075 | D:4      | Reached skill level 5 in Shields
  3075 | D:4      | Reached XP level 6. HP: 53/56 MP: 5/5
  3166 | D:4      | Noticed an ice beast
  3275 | D:4      | Noticed Sigmund
  3284 | D:4      | Killed Sigmund
  3951 | D:5      | Entered Level 5 of the Dungeon
  3962 | D:5      | Found a staircase to the Ecumenical Temple.
  4079 | Temple   | Entered the Ecumenical Temple
  4302 | D:5      | Reached skill level 5 in Axes
  4302 | D:5      | Reached XP level 7. HP: 62/62 MP: 6/6
  5522 | D:5      | Reached XP level 8. HP: 34/71 MP: 7/7
  6274 | D:6      | Found a sparkling altar of Nemelex Xobeh.
  6281 | D:6      | Found a basalt altar of Yredelemnul.
  6282 | D:6      | Found a sacrificial altar of Ru.
  6288 | D:6      | Found a bloodstained altar of Trog.
  6288 | D:6      | Found a hide-covered altar of Uskayaw.
  6427 | D:6      | Found a shimmering blue altar of Sif Muna.
  7419 | D:7      | Found a radiant altar of Vehumet.
  7470 | D:7      | Reached XP level 9. HP: 53/81 MP: 8/8
  7713 | D:7      | Found an iron altar of Okawaru.
  7730 | D:7      | Became a worshipper of Warmaster Okawaru
  8241 | D:8      | Found Nabeujaj's Armour Shop.
  8280 | D:8      | Found Icuptic's Book Shop.
  8329 | D:8      | Found Upet's Distillery.
  8402 | D:8      | Noticed Pikel
  8433 | D:8      | Killed Pikel
  8660 | D:8      | Found Atun's Weapon Shop.
  8722 | D:8      | Found a shimmering altar of Xom.
  8839 | D:8      | Noticed a two-headed ogre
  8911 | D:8      | Killed a two-headed ogre
  8911 | D:8      | Reached * piety under Okawaru
  9086 | D:8      | Found a broken altar of Ashenzari.
  9130 | D:8      | Found a white marble altar of Elyvilon.
  9130 | D:8      | Found a glowing silver altar of Zin.
  9131 | D:8      | Found a glowing golden altar of the Shining One.
  9690 | D:9      | Reached XP level 10. HP: 85/91 MP: 9/9
  9852 | D:9      | Reached ** piety under Okawaru
 10572 | D:10     | Entered Level 10 of the Dungeon
 10601 | D:10     | Reached skill level 10 in Armour
 10601 | D:10     | Reached skill level 10 in Shields
 10729 | D:10     | Found a runed translucent door.
 10729 | D:10     | Noticed a tengu warrior
 10740 | D:10     | Killed a tengu warrior
 10741 | D:10     | Reached skill level 10 in Fighting
 10743 | D:10     | Noticed an eight-headed hydra
 10839 | D:10     | Identified the +2 ring mail "Epohixit" {rElec MP+9}
 10915 | D:10     | Killed an eight-headed hydra
 10915 | D:10     | Reached *** piety under Okawaru
 10916 | D:10     | Reached skill level 10 in Axes
 11108 | D:10     | Reached **** piety under Okawaru
 11127 | D:10     | Noticed an ogre mage
 11142 | D:10     | Killed an ogre mage
 11143 | D:10     | Noticed an eight-headed hydra
 11242 | D:10     | Killed a four-headed hydra
 11243 | D:10     | Reached XP level 11. HP: 7/101 MP: 10/10
 11963 | D:10     | Found an ornate altar of the Wu Jian Council.
 11963 | D:10     | Found an ancient bone altar of Kikubaaqudgha.
 12033 | D:10     | Reached ***** piety under Okawaru
 13012 | D:11     | Found a staircase to the Lair.
 13058 | D:11     | Noticed Urug
 13079 | D:11     | Demolished by Urug

Illustrated notes

Levels and vault maps discovered:
D:1:      matt_arrival_refuge, layout_basic
D:2:      layout_rooms, ebering_ecumenical_altar_mist, serial_corexii_hall,
          corexii_hall_statues_x, chequers_hall_statues_y,
          corexii_hall_statues_deadend, corexii_hall_statues_deadend,
          chequers_serial_rivers_large_a, kennysheep_generic_room_4
D:3:      layout_basic, uniq_jessica
D:4:      layout_loops_ring, lemuel_tele_altar, lightli_corner_chamber,
          uniq_sigmund
D:5:      layout_basic, minmay_temple_entry_statues, minivault_27,
          hangedman_abyss_or_decor_jellyfish_corner, nrook_mini_backslash
D:6:      layout_layer_cave, minitemple, mainiacjoe_overflow_alcove_1
D:7:      layout_rooms, kennysheep_little_box, amcnicky_altar_gilded
D:8:      layout_rooms, good_gods_temple_1, kennysheep_mini,
          mainiacjoe_overflow_tiny_flanked, serial_shops, shop,
          kennysheep_mini_moat, shop, nicolae_shop_peninsula, uniq_pikel
D:9:      layout_cave_pods
D:10:     layout_loops_ring, nicolae_overflow_two_pavilions, minivault_13
D:11:     layout_cave_pods, david_lair_generic, uniq_urug
Temple:   corrupted_temple

Skill      XL: |  1  2  3  4  5  6  7  8  9 10 11 |
---------------+----------------------------------+-----
Armour         | 4 5 6 7 9 10 11 | 11.6
Fighting       | 4 5 6 7 9 10 11 | 11.6
Shields        | 4 5 6 8 9 11 | 11.6
Axes           | 3 4 5 6 7 8 10 11 | 11.2

Action                     |  1- 3 |  4- 6 |  7- 9 | 10-12 || total
---------------------------+-------+-------+-------+-------++-------
  Melee: War axe           |    79 |     6 |       |       ||    85
         Headbutt          |    11 |     8 |    29 |    47 ||    95
         Trident           |       |    57 |   170 |   148 ||   375
         Spear             |       |       |       |     7 ||     7
         Scimitar          |       |       |       |     5 ||     5
         Morningstar       |       |       |       |     3 ||     3
    Use: Scroll            |       |     5 |     1 |     1 ||     7
 Armour: Scale mail        |    20 |       |       |       ||    20
         Plate armour      |    32 |    42 |   158 |   148 ||   380
  Dodge: Dodged            |    22 |    27 |    67 |    80 ||   196
  Block: Buckler           |    19 |    19 |    74 |    75 ||   187

Table legend: (Time is in decaauts)
 A = Elapsed time spent in this place.
 B = Non-inter-level travel time spent in this place.
 C = Inter-level travel time spent in this place.
 D = Time resting spent in this place.
 E = Time spent auto-exploring this place.
 F = Levels seen in this place.
 G = Mean time per level.
                   A        B        C        D        E       F      G
               +--------+--------+--------+--------+--------+-----+--------+
         Total |  13159 |  13083 |     76 |   2367 |   2225 |  12 | 1096.6 |
       Dungeon |  12900 |  12824 |     76 |   2367 |   2225 |  11 | 1172.7 |
        Temple |    259 |    259 |      0 |      0 |      0 |   1 |  259.0 |
               +--------+--------+--------+--------+--------+-----+--------+

Top non-repeatable levels by time:
    D:10: 2038 daAuts
     D:6: 1630 daAuts
     D:5: 1527 daAuts
     D:9: 1313 daAuts
     D:2: 1267 daAuts
     D:4: 1136 daAuts
     D:8: 1034 daAuts
     D:1: 986 daAuts
     D:7: 880 daAuts
     D:3: 618 daAuts
    D:11: 466 daAuts
  Temple: 259 daAuts
